% Time on Ice - TEXAS TOROS
Lines # - Real PCT - Wanted PCT - Time Play
Normal Forward
1 - 29% - 36% - 15:43
2 - 30% - 31% - 16:04
3 - 30% - 23% - 16:20
4 - 11% - 10% - 5:44
Normal Defense
1 - 33% - 36% - 17:35
2 - 32% - 31% - 17:24
3 - 29% - 23% - 15:47
4 - 6% - 10% - 3:05
PP Forward
1 - 50% - 55% - 2:59
2 - 50% - 45% - 2:58
PP Defense
1 - 45% - 55% - 2:40
2 - 55% - 45% - 3:17
PK Forward
1 - 100% - 55% - 0:12
2 - 0% - 45% - 0:00
PK Defense
1 - 0% - 55% - 0:00
2 - 100% - 45% - 0:12
PK3 Forward
1 - 54% - 55% - 0:58
2 - 46% - 45% - 0:49
PK3 Defense
1 - 57% - 55% - 1:01
2 - 43% - 45% - 0:46
44 Forward
1 - 0% - 55%
2 - 0% - 45%
44 Defense
1 - 0% - 55%
2 - 0% - 45%
Last Minute Offensive  - 0:00
Last Minute Defensive  - 0:00
Total
Forward - 61:47
Defense - 61:47
% Time on Ice - VANCOUVER VOODOO
Lines # - Real PCT - Wanted PCT - Time Play
Normal Forward
1 - 31% - 33% - 16:52
2 - 30% - 31% - 16:10
3 - 23% - 24% - 12:13
4 - 16% - 12% - 8:36
Normal Defense
1 - 35% - 36% - 19:04
2 - 33% - 34% - 17:38
3 - 32% - 30% - 17:09
4 - 0% - 0% - 0:00
PP Forward
1 - 100% - 55% - 0:12
2 - 0% - 45% - 0:00
PP Defense
1 - 100% - 50% - 0:12
2 - 0% - 50% - 0:00
PK Forward
1 - 68% - 55% - 4:03
2 - 32% - 45% - 1:54
PK Defense
1 - 45% - 50% - 2:40
2 - 55% - 50% - 3:17
PK3 Forward
1 - 0% - 55%
2 - 0% - 45%
PK3 Defense
1 - 0% - 55%
2 - 0% - 45%
44 Forward
1 - 49% - 55% - 0:52
2 - 51% - 45% - 0:55
44 Defense
1 - 49% - 50% - 0:52
2 - 51% - 50% - 0:55
Last Minute Offensive  - 0:00
Last Minute Defensive  - 0:00
Total
Forward - 61:47
Defense - 61:47
Play-by-Play 1st period 0:01 of 1st period - Alex Chiasson wins face-off versus Noel Acciari in neutral zone. 0:08 of 1st period - Icing by Jonathan Drouin. 0:09 of 1st period - Noel Acciari wins face-off versus Eetu Luostarinen in VANCOUVER VOODOO zone. 0:26 of 1st period - Jonathan Drouin is hit by Dante Fabbro and loses puck. 0:45 of 1st period - Shot by Jonathan Drouin. 0:45 of 1st period - Shot Blocked by Vince Dunn. 0:47 of 1st period - Shot by Nicolas Hague. 0:47 of 1st period - Stopped by Mikko Koskinen with a rebound. 1:31 of 1st period - Shot by Taro Hirose. 1:31 of 1st period - Stopped by Braden Holtby with a rebound. 1:33 of 1st period - Shot by Gabriel Carlsson. 1:33 of 1st period - Stopped by Braden Holtby without a rebound. 1:34 of 1st period - Trevor Zegras wins face-off versus Jake Evans in VANCOUVER VOODOO zone. 2:48 of 1st period - Shot by Taro Hirose. 2:48 of 1st period - Stopped by Braden Holtby without a rebound. 2:49 of 1st period - Anders Bjork wins face-off versus Eetu Luostarinen in VANCOUVER VOODOO zone. 3:12 of 1st period - Shot by Adam Gaudette. 3:12 of 1st period - Stopped by Mikko Koskinen with a rebound. 3:39 of 1st period - Shot by Nicolas Roy. 3:39 of 1st period - Stopped by Mikko Koskinen without a rebound. 3:40 of 1st period - Adam Lowry wins face-off versus Trevor Zegras in TEXAS TOROS zone. 4:15 of 1st period - Shot by Alex Chiasson. 4:15 of 1st period - Shot Hit the Post. 4:28 of 1st period - Icing by Nicolas Hague. 4:29 of 1st period - Adam Lowry wins face-off versus Taylor Raddysh in VANCOUVER VOODOO zone. 5:03 of 1st period - Shot by Wade Allison. 5:03 of 1st period - Deflect By Taro Hirose. 5:03 of 1st period - Stopped by Braden Holtby without a rebound. 5:04 of 1st period - Jake Evans wins face-off versus Eetu Luostarinen in VANCOUVER VOODOO zone. 5:21 of 1st period - Shot by Nikita Gusev. 5:21 of 1st period - Deflect By Miles Wood. 5:21 of 1st period - Shot Misses the Net. 5:23 of 1st period - Shot by Vince Dunn. 5:23 of 1st period - Stopped by Braden Holtby without a rebound. 5:24 of 1st period - Noel Acciari wins face-off versus Ryan Poehling in VANCOUVER VOODOO zone. 5:43 of 1st period - Icing by Noel Acciari. 5:44 of 1st period - Noel Acciari wins face-off versus Taylor Raddysh in VANCOUVER VOODOO zone. 5:44 of 1st period - Noel Acciari is hit by Wade Allison. 6:07 of 1st period - Shot by Noel Acciari. 6:07 of 1st period - Stopped by Mikko Koskinen without a rebound. 6:08 of 1st period - Trevor Zegras wins face-off versus Adam Lowry in TEXAS TOROS zone. 6:26 of 1st period - Shot by Alex Chiasson. 6:26 of 1st period - Stopped by Braden Holtby without a rebound. 6:27 of 1st period - Adam Gaudette wins face-off versus Eetu Luostarinen in VANCOUVER VOODOO zone. 7:21 of 1st period - Shot by Jason Zucker. 7:21 of 1st period - Stopped by Braden Holtby without a rebound. 7:22 of 1st period - Noel Acciari wins face-off versus Wade Allison in VANCOUVER VOODOO zone. 8:30 of 1st period - Off-side. 8:31 of 1st period - Jake Evans wins face-off versus Eetu Luostarinen in neutral zone. 9:03 of 1st period - Shot by Ilya Mikheyev. 9:03 of 1st period - Stopped by Mikko Koskinen without a rebound. 9:04 of 1st period - Adam Lowry wins face-off versus Trevor Zegras in TEXAS TOROS zone. 9:17 of 1st period - Shot by Nicolas Roy. 9:17 of 1st period - Stopped by Mikko Koskinen without a rebound. 9:18 of 1st period - Adam Gaudette wins face-off versus Ryan Poehling in TEXAS TOROS zone. 9:24 of 1st period - Adam Gaudette is hit by Dante Fabbro and loses puck. 9:59 of 1st period - Icing by Dante Fabbro. 10:00 of 1st period - Ryan Poehling wins face-off versus Adam Lowry in TEXAS TOROS zone. 10:00 of 1st period - Ryan Poehling is hit by Adam Lowry. 10:06 of 1st period - Nicolas Roy is hit by Jake Virtanen and loses puck. 10:37 of 1st period - Shot by Adam Lowry. 10:37 of 1st period - Stopped by Mikko Koskinen without a rebound. 10:38 of 1st period - Noel Acciari wins face-off versus Taylor Raddysh in TEXAS TOROS zone. 10:51 of 1st period - Shot by Wade Allison. 10:51 of 1st period - Stopped by Braden Holtby without a rebound. 10:52 of 1st period - Jake Evans wins face-off versus Trevor Zegras in VANCOUVER VOODOO zone. 11:07 of 1st period - Shot by Trevor Zegras. 11:07 of 1st period - Stopped by Braden Holtby without a rebound. 11:08 of 1st period - Noel Acciari wins face-off versus Eetu Luostarinen in VANCOUVER VOODOO zone. 11:17 of 1st period - Shot by Noel Acciari. 11:17 of 1st period - Shot Misses the Net. 12:57 of 1st period - Off-side. 12:58 of 1st period - Jake Evans wins face-off versus Eetu Luostarinen in neutral zone. 13:42 of 1st period - Mikko Lehtonen is hit by Taylor Raddysh and loses puck. 14:11 of 1st period - Shot by Taro Hirose. 14:11 of 1st period - Goal by Taro Hirose - TEXAS TOROS : 1 - VANCOUVER VOODOO : 0. 14:12 of 1st period - Adam Lowry wins face-off versus Trevor Zegras in neutral zone. 14:23 of 1st period - Shot by Jason Zucker. 14:23 of 1st period - Shot Misses the Net. 14:25 of 1st period - Shot by Trevor Zegras. 14:25 of 1st period - Deflect By Alex Chiasson. 14:25 of 1st period - Shot Misses the Net. 14:35 of 1st period - Shot by Trevor Zegras. 14:35 of 1st period - Stopped by Braden Holtby without a rebound. 14:36 of 1st period - Noel Acciari wins face-off versus Eetu Luostarinen in VANCOUVER VOODOO zone. 14:36 of 1st period - Noel Acciari is hit by Eetu Luostarinen. 15:45 of 1st period - Tyson Barrie is hit by Adam Lowry. 15:46 of 1st period - Icing by Tyson Barrie. 15:47 of 1st period - Trevor Zegras wins face-off versus Anders Bjork in TEXAS TOROS zone. 16:09 of 1st period - Icing by Alex Chiasson. 16:10 of 1st period - Adam Lowry wins face-off versus Trevor Zegras in TEXAS TOROS zone. 16:11 of 1st period - Shot by Nicolas Roy. 16:11 of 1st period - Shot Blocked by Tyson Barrie. 16:13 of 1st period - Shot by Adam Lowry. 16:13 of 1st period - Stopped by Mikko Koskinen without a rebound. 16:14 of 1st period - Adam Lowry wins face-off versus Taylor Raddysh in TEXAS TOROS zone. 17:30 of 1st period - Icing by Nate Schmidt. 17:31 of 1st period - Trevor Zegras wins face-off versus Josh Anderson in TEXAS TOROS zone. 18:10 of 1st period - Josh Anderson is hit by Miles Wood and loses puck. 18:26 of 1st period - Shot by Eetu Luostarinen. 18:26 of 1st period - Shot Misses the Net. 18:28 of 1st period - Shot by Dante Fabbro. 18:28 of 1st period - Shot Hit the Post. 18:32 of 1st period - Shot by Eetu Luostarinen. 18:32 of 1st period - Stopped by Braden Holtby with a rebound. 19:12 of 1st period - Madison Bowey is hit by Adam Lowry and loses puck. 19:57 of 1st period - Andreas Johnsson is hit by Jake Virtanen and loses puck. Goals for this period are 1 for TEXAS TOROS vs 0 for VANCOUVER VOODOO. Shots for this period are 12 for TEXAS TOROS vs 8 for VANCOUVER VOODOO. 2nd period 0:01 of 2nd period - Trevor Zegras wins face-off versus Jake Evans in neutral zone. 0:33 of 2nd period - Shot by Jason Zucker. 0:33 of 2nd period - Deflect By Trevor Zegras. 0:33 of 2nd period - Shot Blocked by Andreas Johnsson. 0:46 of 2nd period - Minor Penalty to Adam Lowry for Tripping. 0:47 of 2nd period - Noel Acciari wins face-off versus Eetu Luostarinen in VANCOUVER VOODOO zone. 1:28 of 2nd period - Shot by Miles Wood. 1:28 of 2nd period - Stopped by Braden Holtby without a rebound. 1:29 of 2nd period - Trevor Zegras wins face-off versus Jake Evans in VANCOUVER VOODOO zone. 1:44 of 2nd period - Shot by Tyson Barrie. 1:44 of 2nd period - Stopped by Braden Holtby with a rebound. 1:56 of 2nd period - Shot by Jason Zucker. 1:56 of 2nd period - Shot Misses the Net. 2:00 of 2nd period - Shot by Tyson Barrie. 2:00 of 2nd period - Stopped by Braden Holtby without a rebound. 2:01 of 2nd period - Noel Acciari wins face-off versus Eetu Luostarinen in VANCOUVER VOODOO zone. 2:01 of 2nd period - Noel Acciari is hit by Miles Wood. 2:40 of 2nd period - Off-side. 2:41 of 2nd period - Trevor Zegras wins face-off versus Jake Evans in neutral zone. 2:46 of 2nd period - Shot by Trevor Zegras. 2:46 of 2nd period - Deflect By Wade Allison. 2:46 of 2nd period - Shot Misses the Net. 3:57 of 2nd period - Shot by Jason Zucker. 3:57 of 2nd period - Stopped by Braden Holtby without a rebound. 3:58 of 2nd period - Noel Acciari wins face-off versus Trevor Zegras in VANCOUVER VOODOO zone. 4:20 of 2nd period - Jonathan Drouin is hit by Tyson Barrie and loses puck. 4:24 of 2nd period - Icing by Nate Schmidt. 4:25 of 2nd period - Adam Lowry wins face-off v